 Dungeon Crawl Stone Soup version 0.31-a0-1074-g0b22e4e0f1 (webtiles) character file.

Game seed: 7938947688771018302

288 grandjackal the Ducker (level 6, -1/48 HPs)
             Began as a Demonspawn Gladiator on Nov 30, 2023.
             Slain by a gnoll
             ... wielding a +1 spear of freezing
             ... led by a gnoll bouda
              (2 damage)
             ... on level 3 of the Dungeon.
             The game lasted 00:02:09 (1607 turns).

grandjackal the Ducker (Demonspawn Gladiator)       Turns: 1607, Time: 00:02:10

Health: -1/48      AC:  4    Str: 15    XL:     6   Next: 9%
Magic:  6/6        EV: 13    Int:  9    God:
Gold:   99         SH:  0    Dex: 16    Spells: 5/5 levels left

rFire   . . .        f - +4 dagger (distort)
rCold   . . .        (no shield)
rNeg    . . .        b - +0 leather armour
rPois   .            c - +0 helmet
rElec   .            (no cloak)
rCorr   .            (no gloves)
SInv    .            (no boots)
Will    .....        (no amulet)
Stlth   +            (no ring)
HPRegen 0.28/turn    (no ring)
MPRegen 0.10/turn

%: no passive effects
@: weakened, hasted, very quick
A: powered by death 2, weakness stinger 1
a: no special abilities


You were on level 3 of the Dungeon.
You visited 1 branch of the dungeon, and saw 3 of its levels.

You collected 99 gold pieces.

Inventory:

Hand Weapons
 a - a +0 long sword
 f - a +4 dagger of distortion (weapon)
Missiles
 d - 4 throwing nets (quivered)
 e - a javelin
Armour
 b - a +0 leather armour (worn)
 c - a +0 helmet (worn)
Jewellery
 n - an amulet of the acrobat
Scrolls
 g - a scroll of vulnerability {unknown}
 h - a scroll of noise {unknown}
 i - 2 scrolls of identify {unknown}
 l - a scroll of revelation {unknown}
 m - a scroll of amnesia {unknown}
 q - a scroll of poison {unknown}
 r - a scroll of enchant weapon {unknown}
Potions
 k - a potion of heal wounds {unknown}
 o - a potion of brilliance {unknown}
 p - a potion of mutation {unknown}
 s - a potion of curing {unknown}


   Skills:
 + Level 3.7 Fighting
 + Level 2.5(3.1) Short Blades
 - Level 2.7(3.2) Long Blades
 - Level 3.0 Throwing
 + Level 3.9 Dodging


You had 5 spell levels left.
You didn't know any spells.
Your spell library contained the following spells:

 Spells                   Type           Power      Damage    Failure   Level
 Iskenderun's Battlesphe  Conj           0%         2d6       100%        5
 Bombard                  Conj/Erth      0%         9d1       100%        6
 Spellforged Servitor     Conj/Summ      0%         N/A       100%        7


Dungeon Overview and Level Annotations

Branches:
Dungeon (3/15)

Altars:


Innate Abilities, Weirdness & Mutations

You regenerate health from kills.
You have a small tail.


Message History

A gnoll is wielding a +1 spear of freezing.
A gnoll comes into view. It is wielding a +0 club.
The gnoll shouts!
A gnoll bouda comes into view. It is wielding a +0 whip.
The gnoll throws a throwing net.
The throwing net misses you.
You see here a +0 robe.
The gnoll bouda shouts!
You see here a throwing net.
d - 4 throwing nets (gained 1)
A gnoll comes into view. It is wielding a +0 flail.
The gnoll bouda barks out a call to the hunt!
The gnolls pick up the pace!
An adder comes into view.
The gnoll attacks as it pursues you! The gnoll completely misses you.
The gnoll hits you from afar with a +1 spear of freezing!
The gnoll freezes you.
The gnoll hits you from afar with a +1 spear of freezing.
The gnoll freezes you. The gnoll attacks as it pursues you!
The gnoll hits you from afar with a +0 spear.
The gnoll attacks as it pursues you!
The gnoll hits you from afar with a +1 spear of freezing!
The gnoll freezes you.
* * * LOW HITPOINT WARNING * * *
The gnoll hits you from afar with a +0 spear.
* * * LOW HITPOINT WARNING * * *
Okay, then.
It was a potion of haste.
You feel yourself speed up.
The gnoll hits you from afar with a +1 spear of freezing.
* * * LOW HITPOINT WARNING * * *
The gnoll freezes you.
* * * LOW HITPOINT WARNING * * *
The gnoll hits you from afar with a +0 spear.
* * * LOW HITPOINT WARNING * * *
The gnoll bouda gazes fiercely through you!
You feel your attacks grow feeble. The gnoll attacks as it pursues you!
The gnoll closely misses you. The gnoll attacks as it pursues you!
The gnoll hits you from afar with a +1 spear of freezing.
You die...

........# ##...
#....<.....# ........# .
##.........# .......##
#.........# ......g.#
#.........# <.......#
#....###### ........##
##....# .........####
#.....#
..........g.#######.....#
.......##..gg.g.@.)..)..#
..........##.g..###.)...#
.###......#####.........#
#......# #####.....#
........# #)....8.
##......# #....[...
#......# #.........
#..S...# #.........
##.......##


You could see a gnoll bouda and 4 gnolls.

Vanquished Creatures
  Sigmund (D:2)
  An orc wizard (D:3)
  3 adders
  2 worms
  2 orcs (D:3)
  2 endoplasms (D:1)
  4 giant cockroaches
  3 hobgoblins
  2 jackals (D:1)
  2 ball pythons (D:2)
  2 bats (D:1)
  A frilled lizard (D:1)
  4 goblins (D:1)
  3 kobolds
  5 rats (D:1)
37 creatures vanquished.

Notes
Turn   | Place    | Note
-------+----------+-------------------------------------------
     0 | D:1      | grandjackal the Demonspawn Gladiator began the quest for
                  | the Orb.
     0 | D:1      | Reached XP level 1. HP: 16/16 MP: 1/1
   114 | D:1      | You fall into a shaft and drop 1 floor!
   173 | D:2      | Gained mutation: You regenerate a little health from kills.
                  | [demonic ancestry]
   173 | D:2      | Reached XP level 2. HP: 20/22 MP: 2/2
   420 | D:1      | Reached skill level 1 in Short Blades
   421 | D:1      | Reached XP level 3. HP: 28/28 MP: 3/3
   891 | D:2      | Found a faded altar of an unknown god.
  1000 | D:2      | Noticed Sigmund
  1008 | D:2      | Killed Sigmund
  1009 | D:2      | Gained mutation: You have a small tail. [demonic ancestry]
  1009 | D:2      | Reached XP level 4. HP: 22/35 MP: 4/4
  1009 | D:2      | Gained mutation: You regenerate health from kills. [demonic
                  | ancestry]
  1009 | D:2      | Reached XP level 5. HP: 26/41 MP: 5/5
  1523 | D:3      | Reached XP level 6. HP: 29/48 MP: 6/6
  1604 | D:3      | HP: 1/48 [gnoll/+0 spear[a gnoll bouda] (2)]
  1607 | D:3      | Slain by a gnoll

Illustrated notes

Levels and vault maps discovered:
D:1:      minmay_arrival_solitary_statue, layout_rooms,
          chequers_serial_rivers_micro_c, minmay_misc_feat_chi
D:2:      layout_loops_ring, nicolae_ecumenical_lake_church, uniq_sigmund
D:3:      layout_rooms, gup_sewer_entry_glass, biasface_ghost_orc_armoury,
          minmay_misc_feat_more_columns

Skill      XL: |  1  2  3 |
---------------+----------+-----
Throwing       | 2 3 |  3.0
Dodging        | 3 |  3.9
Short Blades   | 1 2 |  2.5
Fighting       | 3 |  3.7
Long Blades    | |  2.7

Action                     |  1- 3 |  4- 6 || total
---------------------------+-------+-------++-------
  Melee: Long sword        |     5 |       ||     5
         Dagger            |    57 |    30 ||    87
         Tailslap          |       |     4 ||     4
         Punch             |       |     1 ||     1
    Use: Potion            |       |     1 ||     1
 Armour: Leather armour    |    23 |    26 ||    49
  Dodge: Dodged            |    32 |    12 ||    44

Table legend: (Time is in decaauts)
 A = Elapsed time spent in this place.
 B = Non-inter-level travel time spent in this place.
 C = Inter-level travel time spent in this place.
 D = Time resting spent in this place.
 E = Time spent auto-exploring this place.
 F = Levels seen in this place.
 G = Mean time per level.
                   A        B        C        D        E       F      G
               +--------+--------+--------+--------+--------+-----+--------+
         Total |   1598 |   1532 |     66 |    139 |   1081 |   3 |  532.7 |
       Dungeon |   1598 |   1532 |     66 |    139 |   1081 |   3 |  532.7 |
               +--------+--------+--------+--------+--------+-----+--------+

Top non-repeatable levels by time:
     D:2: 917 daAuts
     D:1: 544 daAuts
     D:3: 137 daAuts
